 Dungeon Sprint DCSS version 0.28-a0-1235-g7c8fac35f0 (webtiles) character file.

Game seed: 12294413608859336006

9930 mhtbhm the Phalangite (level 11, -1/112 HPs)
             Began as a Merfolk Berserker on Dec 24, 2021.
             Was a High Priest of Trog.
             Slain by a death yak (20 damage)
             ... in the Dungeon (Sprint IX: "|||||||||||||||||||||||||||||").
             The game lasted 00:02:38 (1887 turns).

mhtbhm the Phalangite (Merfolk Berserker)           Turns: 1887, Time: 00:02:38

Health: -1/112     AC:  5    Str: 23    XL:     11   Next: 54%
Magic:  11/11      EV: 21    Int:  6    God:    Trog [*****.]
Gold:   0          SH:  0    Dex: 13    Spells: 10/10 levels left

rFire   . . .      SeeInvis .   a - +2 halberd (venom)
rCold   . . .      Faith    .   (shield currently unavailable)
rNeg    . . .      Spirit   .   b - +0 animal skin
rPois   .          Reflect  .   (no helmet)
rElec   .          Harm     .   (no cloak)
rCorr   .          Rampage  .   k - +0 pair of gloves
Will    .....      NoTele   +   (no boots)
Stlth   ++++......              (no amulet)
HPRegen 0.28/turn               l - +2 ring of protection
MPRegen 0.12/turn               m - +2 ring of evasion

@: on berserk cooldown, slowed, very slow
A: (nimble swimmer 2), mertail
a: Renounce Religion, Berserk, Trog's Hand, Brothers in Arms


You were in the Dungeon.
You worshipped Trog.
Trog was extremely pleased with you.
You visited 1 branch

Inventory:

Hand Weapons
 a - a +2 halberd of venom (weapon)
Armour
 b - a +0 animal skin (worn)
 k - a +0 pair of gloves (worn)
Jewellery
 l - a +2 ring of protection (left hand)
 m - a +2 ring of evasion (right hand)
Wands
 j - a wand of acid (6)
Scrolls
 h - a scroll of blinking
 n - 2 scrolls of enchant armour
 o - a scroll of fear
 p - 4 scrolls of enchant weapon
 q - a scroll of identify
Potions
 c - 6 potions of curing
 d - 4 potions of heal wounds
 e - a potion of haste
 f - 4 potions of magic
 g - a potion of berserk rage
 i - a potion of mutation


   Skills:
 + Level 19.3 Fighting
 + Level 22.9 Polearms
 + Level 4.3 Armour
 + Level 14.7 Dodging
 + Level 7.7 Stealth
 + Level 3.2 Evocations


You had 10 spell levels left.
You didn't know any spells.
Your spell library was empty.

Dungeon Overview and Level Annotations

Branches:
Dungeon (1/1)

Altars:
Cheibriados
Dithmenos
Elyvilon
Fedhas
Gozag
Hepliaklqana
Kikubaaqudgha
Makhleb
Nemelex Xobeh
Okawaru
Qazlal
Ru
Sif Muna
Trog
Uskayaw
Vehumet
Wu Jian
Xom
Yredelemnul
Zin
The Shining One
Beogh
Jiyva
Lugonu


Innate Abilities, Weirdness & Mutations

((You are very nimble when in or above water. (Stealth+, EV+, Speed+++)))
Your lower body shifts to a powerful aquatic tail in water.


Message History

Aim: a death yak (heavily wounded, ally target, about 15% to evade your +2 halberd of venom)
You reach to attack!
You barely miss the death yak.
The death yak is heavily wounded.
Your ogre completely misses the death yak.
The death yak completely misses your ogre.
Reach: a) +2 halberd (venom)
Press: ? - help, Dir - move target, f/p - death yak
Aim: a death yak (heavily wounded, ally target, about 15% to evade your +2 halberd of venom)
You could not reach far enough!
Your ogre hits the death yak with a +0 giant club!!
The death yak gores your ogre!!
Reach: a) +2 halberd (venom)
Press: ? - help, Dir - move target, f/p - death yak
Aim: a death yak (almost dead, ally target, about 15% to evade your +2 halberd of venom)
You reach to attack!
You hit the death yak.
The death yak is poisoned.
The death yak is almost dead.
Your ogre barely misses the death yak.
The death yak gores your ogre!
Your ogre dies!
Your ogre's corpse disappears in a puff of smoke!
Reach: a) +2 halberd (venom)
Press: ? - help, Dir - move target, f/p - death yak
Aim: a death yak (almost dead, very poisoned, about 15% to evade your +2 halberd of venom)
You reach to attack!
You barely miss the death yak.
The death yak is almost dead.
Unknown command.
Unknown command.
You hit the death yak but do no damage.
The death yak looks even sicker.
The death yak is almost dead.
The death yak closely misses you.
You slash the death yak!
You kill the death yak!
Trog accepts your kill.
You slash the death yak!
The death yak is moderately wounded.
The death yak gores you!!
* * * LOW HITPOINT WARNING * * *
You puncture the death yak!
The death yak is moderately wounded.
The death yak misses you. The death yak gores you!!
You die...

▓_▓.▓.▓
▓_▓.▓'▓
▓_▓.▓.▓
▓_▓.▓.▓
▓_▓.▓.▓
▓_▓.▓.▓
▓_▓.▓.▓
▓_▓.▓.▓
▓_▓.▓@▓
▓_▓.▓Y▓
▓_▓.▓Y▓
▓'▓.▓Y▓
▓.▓.▓Y▓
▓?▓.▓.▓
▓)▓.▓.▓
▓.▓.▓.▓
▓.▓.▓.▓


You could see 2 death yaks and 2 yaks.

Vanquished Creatures
  A hydra (D)
  A centaur warrior (D)
  2 catoblepae (D)
  2 two-headed ogres (D)
  A death yak (D)
  A deep elf pyromancer (D)
  A torpor snail (D)
  A cane toad (D)
  A rime drake (D)
  A komodo dragon (D)
  2 trolls (D)
  A shadow (D)
  A yak (D)
  2 vampire mosquitoes (D)
  An acid dragon (D)
  3 water moccasins (D)
  An orc warrior (D)
  3 bullfrogs (D)
  A howler monkey (D)
  A hound (D)
  An iguana (D)
  A shadow imp (D)
  A white imp (D)
  An endoplasm (D)
  A goblin (D)
  A quokka (D)
  A frilled lizard (D)
  2 rats (D)
37 creatures vanquished.

Vanquished Creatures (collateral kills)
  2 hydras (D)
  A death yak (D)
  2 cane toads (D)
  A komodo dragon (D)
  A water moccasin (D)
7 creatures vanquished.

Grand Total: 44 creatures vanquished

Notes
Turn   | Place    | Note
-------+----------+-------------------------------------------
     0 | D        | mhtbhm the Merfolk Berserker began the quest for the Orb.
     0 | D        | Reached XP level 1. HP: 18/18 MP: 1/1
     8 | D        | Reached skill level 5 in Polearms
    15 | D        | Reached ** piety under Trog
   165 | D        | Noticed a hound
   165 | D        | Noticed an iguana
   170 | D        | Reached skill level 6 in Polearms
   170 | D        | Reached XP level 2. HP: 26/26 MP: 2/2
   172 | D        | Reached *** piety under Trog
   173 | D        | Reached skill level 5 in Fighting
   173 | D        | Reached skill level 7 in Polearms
   173 | D        | Reached XP level 3. HP: 33/33 MP: 3/3
   175 | D        | Reached skill level 8 in Polearms
   175 | D        | Reached XP level 4. HP: 40/40 MP: 4/4
   237 | D        | Found a snail-covered altar of Cheibriados.
   237 | D        | Found a shadowy altar of Dithmenos.
   237 | D        | Found a white marble altar of Elyvilon.
   237 | D        | Found a blossoming altar of Fedhas.
   237 | D        | Found an opulent altar of Gozag.
   238 | D        | Found a hazy altar of Hepliaklqana.
   239 | D        | Found a viscous altar of Jiyva.
   240 | D        | Found an ancient bone altar of Kikubaaqudgha.
   241 | D        | Found a corrupted altar of Lugonu.
   242 | D        | Found a burning altar of Makhleb.
   243 | D        | Found a sparkling altar of Nemelex Xobeh.
   244 | D        | Found an iron altar of Okawaru.
   245 | D        | Found a stormy altar of Qazlal.
   246 | D        | Found a sacrificial altar of Ru.
   247 | D        | Found a shimmering blue altar of Sif Muna.
   248 | D        | Found a bloodstained altar of Trog.
   249 | D        | Found a hide-covered altar of Uskayaw.
   250 | D        | Found a radiant altar of Vehumet.
   251 | D        | Found an ornate altar of the Wu Jian Council.
   252 | D        | Found a shimmering altar of Xom.
   253 | D        | Found a basalt altar of Yredelemnul.
   254 | D        | Found a glowing silver altar of Zin.
   302 | D        | Found a glowing golden altar of the Shining One.
   339 | D        | Noticed a two-headed ogre
   339 | D        | Noticed a troll
   339 | D        | Noticed a troll
   339 | D        | Noticed an acid dragon
   339 | D        | Noticed an orc warrior
   360 | D        | Killed a two-headed ogre
   361 | D        | Reached skill level 15 in Polearms
   361 | D        | Reached XP level 5. HP: 20/55 MP: 5/5
   361 | D        | Reached XP level 6. HP: 22/62 MP: 6/6
   361 | D        | Reached XP level 7. HP: 24/68 MP: 7/7
   361 | D        | Killed a troll
   361 | D        | Reached **** piety under Trog
   366 | D        | Killed a troll
   367 | D        | Reached skill level 16 in Polearms
   367 | D        | Reached XP level 8. HP: 26/76 MP: 8/8
   591 | D        | Noticed a centaur warrior
   591 | D        | Noticed a deep elf pyromancer
   591 | D        | Noticed a shadow
   591 | D        | Noticed a two-headed ogre
   599 | D        | Killed a centaur warrior
   599 | D        | Reached ***** piety under Trog
   600 | D        | Reached skill level 17 in Polearms
   600 | D        | Reached XP level 9. HP: 85/85 MP: 9/9
   601 | D        | Killed a deep elf pyromancer
   602 | D        | Reached skill level 18 in Polearms
   602 | D        | Reached skill level 10 in Dodging
   605 | D        | Reached skill level 1 in Evocations
   607 | D        | Received a gift from Trog
   608 | D        | Reached skill level 19 in Polearms
   611 | D        | Killed a two-headed ogre
   612 | D        | Reached skill level 15 in Fighting
   612 | D        | Reached skill level 5 in Stealth
   867 | D        | Noticed a five-headed hydra
   867 | D        | Noticed a cane toad
   867 | D        | Noticed a five-headed hydra
   867 | D        | Noticed a cane toad
   867 | D        | Noticed a komodo dragon
   872 | D        | Killed a six-headed hydra
   873 | D        | Reached skill level 20 in Polearms
   873 | D        | Reached XP level 10. HP: 33/98 MP: 10/10
   874 | D        | Killed a five-headed hydra
   874 | D        | Killed a cane toad
   876 | D        | Noticed a cane toad
   877 | D        | Killed a cane toad
   878 | D        | Reached skill level 21 in Polearms
   888 | D        | Killed a cane toad
  1139 | D        | Received a gift from Trog
  1248 | D        | Noticed a torpor snail
  1253 | D        | Killed a torpor snail
  1268 | D        | Reached XP level 11. HP: 81/107 MP: 11/11
  1275 | D        | Noticed a five-headed hydra
  1276 | D        | Reached skill level 22 in Polearms
  1614 | D        | Killed a 14-headed hydra
  1846 | D        | Noticed a catoblepas
  1846 | D        | Noticed a catoblepas
  1846 | D        | Noticed a death yak
  1846 | D        | Noticed a death yak
  1846 | D        | Noticed a death yak
  1853 | D        | Killed a catoblepas
  1853 | D        | Received a gift from Trog
  1856 | D        | Noticed a death yak
  1869 | D        | Killed a catoblepas
  1879 | D        | Killed a death yak
  1885 | D        | Killed a death yak
  1887 | D        | Slain by a death yak

Illustrated notes

Levels and vault maps discovered:
D:        linesprint [early_d, line_temple, items_1, d_10, items_2, lair_1,
          lair_end, items_3, orc_1, orc_end, items_4, d_15, swamp_1, shoals_1,
          snake_1, spider_1, d_20, vaults_1, items_5, swamp_end, shoals_end,
          snake_end, spider_end, vaults_end, d_27, items_6, zot_1, zot_end,
          crypt_end, forest_end, elf_end, slime_end, tomb_end, abyss_end,
          pan_hell_end]

Skill      XL: |  1  2  3  4  5  6  7  8  9 10 11 |
---------------+----------------------------------+-----
Polearms       | 6 7 8 15 16 17 20 21 22 | 22.9
Dodging        | 3 4 8 9 11 13 14 | 14.7
Fighting       | 4 5 6 11 13 15 17 19 | 19.3
Armour         | 2 3 4 |  4.3
Stealth        | 2 3 5 6 7 |  7.7
Evocations     | 1 2 3 |  3.2

Action                   |  1- 3 |  4- 6 |  7- 9 | 10-12 || total
-------------------------+-------+-------+-------+-------++-------
Melee: Spear             |    24 |     7 |       |       ||    31
       Halberd           |       |     7 |    31 |    71 ||   109
Invok: Berserk           |     1 |     1 |     1 |     5 ||     8
       Trog's Hand       |       |     1 |       |       ||     1
       Brothers in Arms  |       |       |     1 |     1 ||     2
Evoke: Wand              |       |       |     4 |       ||     4
  Use: Potion            |       |     3 |     1 |       ||     4
       Scroll            |       |     1 |       |       ||     1
 Stab: Invisible         |       |     1 |     1 |       ||     2
Armor: Animal skin       |     1 |       |     8 |     7 ||    16
Dodge: Dodged            |     5 |    13 |    31 |    37 ||    86

Table legend: (Time is in decaauts)
 A = Elapsed time spent in this place.
 B = Non-inter-level travel time spent in this place.
 C = Inter-level travel time spent in this place.
 D = Time resting spent in this place.
 E = Time spent auto-exploring this place.
 F = Levels seen in this place.
 G = Mean time per level.
                   A        B        C        D        E       F      G
               +--------+--------+--------+--------+--------+-----+--------+
         Total |   1921 |   1921 |      0 |   1508 |      0 |   1 | 1921.0 |
       Dungeon |   1921 |   1921 |      0 |   1508 |      0 |   1 | 1921.0 |
               +--------+--------+--------+--------+--------+-----+--------+

Top non-repeatable levels by time:
       D: 1921 daAuts
